 Dungeon Crawl Stone Soup version 0.28.0-43-g3370ac3207 (webtiles) character file.

Game seed: 6278607815742363205

1198 Bruhh the Basher (level 8, -1/46 HPs)
             Began as a Gargoyle Fighter on Mar 25, 2022.
             Slain by an unseen horror (4 damage)
             ... on level 5 of the Dungeon.
             The game lasted 00:11:57 (6345 turns).

Bruhh the Basher (Gargoyle Fighter)                 Turns: 6345, Time: 00:11:58

Health: -1/46      AC: 14    Str: 22    XL:     8   Next: 44%
Magic:  8/8        EV:  9    Int:  9    God:
Gold:   367        SH:  4    Dex:  9    Spells: 7/7 levels left

rFire   . . .      SeeInvis +   a - +0 flail
rCold   . . .      Faith    .   c - +0 buckler
rNeg    + + .      Spirit   .   b - +0 scale mail
rPois   ∞          Reflect  .   (no helmet)
rElec   +          Harm     .   (no cloak)
rCorr   .          Rampage  .   f - +0 pair of gloves
Will    .....                   p - +0 pair of boots
Stlth   ..........              (no amulet)
HPRegen 0.15/turn               o - ring of positive energy
MPRegen 0.11/turn               u - ring of see invisible

@: mighty
A: sickness immunity, AC +5, negative energy resistance 1, electricity
resistance, torment resistance 1, petrification resistance
a: no special abilities


You were on level 5 of the Dungeon.
You visited 1 branch of the dungeon, and saw 6 of its levels.

You collected 367 gold pieces.

Inventory:

Hand Weapons
 a - a +0 flail (weapon)
 h - a +2 short sword of speed
 m - a +0 antimagic whip
Armour
 b - a +0 scale mail (worn)
 c - a +0 buckler (worn)
 f - a +0 pair of gloves (worn)
 p - a +0 pair of boots (worn)
Jewellery
 g - a ring of magical power
 o - a ring of positive energy (left hand)
 u - a ring of see invisible (right hand)
Wands
 x - a wand of mindburst (12)
 y - a wand of flame (34)
Scrolls
 e - a scroll of teleportation
 j - 2 scrolls of noise {unknown}
 k - 2 scrolls of magic mapping
 l - 7 scrolls of identify {unknown}
 q - 3 scrolls of amnesia {unknown}
 r - a scroll of blinking {unknown}
 t - 2 scrolls of enchant armour {unknown}
 w - a scroll of enchant weapon {unknown}
 B - a scroll of fear {unknown}
Potions
 d - a potion of might
 n - 2 potions of brilliance {unknown}
 s - a potion of flight {unknown}
 v - a potion of mutation {unknown}
 z - a potion of lignification


   Skills:
 - Level 3.2 Fighting
 * Level 10.1 Maces & Flails
 - Level 3.2 Armour
 - Level 3.2 Shields


You had 7 spell levels left.
You didn't know any spells.
Your spell library contained the following spells:

 Spells                   Type           Power      Damage    Failure   Level
 Foxfire                  Conj/Fire      0%         2x1d4     80%         1
 Freeze                   Ice            0%         1d3       80%         1
 Conjure Flame            Conj/Fire      0%         6-21      99%         3
 Dazzling Flash           Conj/Hex       0%         N/A       99%         3
 Inner Flame              Hex/Fire       0%         N/A       99%         3
 Flame Wave               Conj/Fire      0%         2d4       100%        4
 Agony                    Necr           0%         N/A       100%        5
 Silence                  Hex/Air        0%         N/A       100%        5


Dungeon Overview and Level Annotations

Branches:
Dungeon (6/15)
 Temple: D:4-7

Altars:
Zin

Shops:
D:3 *


Innate Abilities, Weirdness & Mutations

You are immune to sickness and miasma.
Your stone body is resilient. (AC +5)
You are immune to poison.
You resist negative energy. (rN+)
You are resistant to electric shocks. (rElec)
You are resistant to unholy torment.
You are immune to petrification.


Message History

* * * LOW HITPOINT WARNING * * *
The unseen horror closely misses you.
You closely miss the unseen horror.
The unseen horror is almost dead.
You block the unseen horror's attack.
You closely miss the unseen horror.
The unseen horror is almost dead.
The unseen horror hits you.
* * * LOW HITPOINT WARNING * * *
An ogre comes into view. It is wielding a +0 giant spiked club.
You feel better. You block the unseen horror's attack.
The unseen horror barely misses you.
You hit the unseen horror.
The unseen horror is almost dead.
The unseen horror closely misses you.
The unseen horror hits you but does no damage.
You hit the unseen horror but do no damage.
The unseen horror is almost dead.
You block the unseen horror's attack. x2
The iguana bites you but does no damage.
The unseen horror hits you!
* * * LOW HITPOINT WARNING * * *
You block the unseen horror's attack.
The unseen horror hits you but does no damage.
The unseen horror hits you but does no damage.
The unseen horror closely misses you.
There is an escape hatch in the ceiling here.
The unseen horror barely misses you. A mysterious force pulls you upwards.
The hatch slams shut behind you.
You feel very mighty all of a sudden. The unseen horror misses you.
The unseen horror hits you but does no damage.
The unseen horror hits you.
* * * LOW HITPOINT WARNING * * *
The unseen horror hits you but does no damage.
You closely miss the unseen horror.
The unseen horror is severely wounded.
The unseen horror hits you but does no damage.
The unseen horror hits you.
You die...

##.##...####..#####..............
#####..#.##.## ##...##..........
#....##..# #...###...##..##†
#....>..#####..###...###....
##........##....#.#...###....
#####............................
#.##...................##...#.#..
.......................##...#.#..
......#.........@......##........
......##.......x##..##.##.##.#...
....................##.#.....#...
................(................
##.............###.##............
#......#.....####.###...........
##.....###.....##........#.......
#..##.####..#..........#.........
...#.......###...#.#...##........


You could see an unseen horror (invisible).

Vanquished Creatures
  A water moccasin (D:5)
  A sky beast (D:5)
  A centaur (D:5)
  A phantom (D:2)
  A kobold brigand (D:6)
  2 scorpions (D:5)
  A water moccasin skeleton (D:5)
  2 howler monkeys
  A centaur zombie (D:5)
  3 hounds
  2 jellies
  Ijyb (D:4)
  4 iguanas
  Robin (D:4)
  7 adders
  3 gnolls (D:4)
  A howler monkey skeleton (D:6)
  An ufetubus (D:4)
  2 adder skeletons (D:4)
  A worm (D:2)
  A dart slug (D:3)
  2 orcs (D:3)
  6 ball pythons
  8 bats
  6 endoplasms
  A giant cockroach (D:1)
  10 hobgoblins
  7 jackals
  4 quokkas
  5 frilled lizards
  16 goblins
  18 kobolds
  8 rats
129 creatures vanquished.

Vanquished Creatures (others)
  2 fungi (D:1)
  A plant (D:1)
3 creatures vanquished.

Grand Total: 132 creatures vanquished

Notes
Turn   | Place    | Note
-------+----------+-------------------------------------------
     0 | D:1      | Bruhh the Gargoyle Fighter began the quest for the Orb.
     0 | D:1      | Reached XP level 1. HP: 14/14 MP: 1/1
   107 | D:1      | Reached XP level 2. HP: 15/19 MP: 2/2
   216 | D:1      | Found a faded altar of an unknown god.
   220 | D:1      | Got Plato's Grimoire of Ice
   410 | D:1      | Reached skill level 3 in Maces & Flails
   554 | D:1      | Reached XP level 3. HP: 23/23 MP: 3/3
  1008 | D:2      | Reached skill level 4 in Maces & Flails
  1096 | D:2      | Reached XP level 4. HP: 16/28 MP: 4/4
  1674 | D:2      | Noticed a phantom
  1691 | D:2      | Killed a phantom
  1692 | D:2      | Reached skill level 5 in Maces & Flails
  1692 | D:2      | Reached XP level 5. HP: 20/32 MP: 5/5
  2166 | D:3      | Found Zin's Purification Station.
  2174 | D:3      | Found a glowing silver altar of Zin.
  3278 | D:4      | Reached skill level 6 in Maces & Flails
  3321 | D:4      | Noticed Robin
  3330 | D:4      | Noticed an ogre
  3367 | D:3      | Reached XP level 6. HP: 35/37 MP: 6/6
  3468 | D:4      | Killed Robin
  3823 | D:4      | Noticed Ijyb
  3836 | D:4      | Killed Ijyb
  3837 | D:4      | Reached skill level 7 in Maces & Flails
  4455 | D:4      | Reached XP level 7. HP: 7/41 MP: 7/7
  4851 | D:5      | Entered Level 5 of the Dungeon
  5126 | D:5      | Reached skill level 8 in Maces & Flails
  5491 | D:5      | Reached skill level 9 in Maces & Flails
  5491 | D:5      | Reached XP level 8. HP: 44/46 MP: 8/8
  6173 | D:6      | Reached skill level 10 in Maces & Flails
  6305 | D:6      | Noticed an unseen horror
  6345 | D:5      | Slain by an unseen horror

Illustrated notes

Levels and vault maps discovered:
D:1:      amcnicky_arrival_blooded_trapdoor, layout_loops_ring,
          shapermc_ecumenical_altar_rom_forum
D:2:      layout_basic, serial_bayou_pond_d, minmay_joined_circles
D:3:      wad_river_or_something, layout_basic, zin_purify, hex_tiny
D:4:      layout_cave_pods, hex_medium, uniq_ijyb, uniq_robin
D:5:      layout_cave_pools
D:6:      minmay_evil_eye, layout_basic, minmay_quadrilaterals

Skill      XL: |  1  2  3  4  5  6  7  8 |
---------------+-------------------------+-----
Maces & Flails | 3 4 5 6 7 9 10 | 10.1
Fighting       | |  3.2
Armour         | |  3.2
Shields        | |  3.2

Action                   |  1- 3 |  4- 6 |  7- 9 || total
-------------------------+-------+-------+-------++-------
Melee: Flail             |   102 |   280 |   134 ||   516
Evoke: Wand              |       |     4 |       ||     4
  Use: Potion            |       |     4 |     2 ||     6
       Scroll            |       |     2 |       ||     2
Armor: Scale mail        |    67 |   173 |    97 ||   337
       Skin              |       |    12 |       ||    12
Dodge: Dodged            |    57 |   151 |    80 ||   288
Block: Buckler           |    23 |    60 |    40 ||   123
